 Dungeon Crawl Stone Soup version 0.16-a0-3926-g4728e1c (webtiles) character file.

67 timbw the Grave Robber (level 3, -6/26 HPs)
             Began as a Demigod Necromancer on Feb 5, 2015.
             Mangled by a wasp zombie (9 damage)
             ... on level 6 of the Dungeon.
             The game lasted 00:05:22 (1217 turns).

timbw the Grave Robber (Demigod Necromancer)        Turns: 1217, Time: 00:05:23

Health: -6/26      AC:  4    Str: 11    XL:     3   Next: 72%
Magic:  5/7        EV: 12    Int: 19    God:
Gold:   78         SH:  0    Dex: 18    Spells: 2 memorised, 1 level left

rFire  . . .     SeeInvis .       - Unarmed
rCold  . . .     Clarity  .     p - +0 leather armour
rNeg   . . .     SustAb   +     (no shield)
rPois  .         Gourm    .     h - +0 helmet
rElec  .         Spirit   .     (no cloak)
rCorr  .         Warding  .     (no gloves)
rMut   .         Stasis   .     (no boots)
MR     .....                    (no amulet)
Stlth  ++........               (no ring)
                                (no ring)

@: not resistant to hostile enchantments, unstealthy
A: sustain abilities
a: no special abilities


You were on level 6 of the Dungeon.
You were not hungry.

You visited 1 branch of the dungeon, and saw 6 of its levels.

You collected 78 gold pieces.

Inventory:

Armour
 a - a +0 robe
 h - a +0 helmet (worn)
 p - a +0 leather armour (worn)
Magical devices
 g - a wand of magic darts (19)
 r - a wand of flame (26)
Scrolls
 d - 2 scrolls of random uselessness {unknown}
 i - a scroll of enchant armour {unknown}
 j - a scroll of blinking {unknown}
 k - a scroll of teleportation {unknown}
 l - a scroll of fog {unknown}
 m - a scroll of recharging {unknown}
Potions
 e - a potion of ambrosia
 s - a potion of haste {unknown}
Books
 b - a book of Necromancy

   Spells                             Type                      Level
   a - Pain                           Necromancy                   1
   b - Animate Skeleton               Necromancy                   1
   c - Vampiric Draining              Necromancy                   3
   d - Regeneration                   Charms/Necromancy            3
   e - Animate Dead                   Necromancy                   4
   f - Control Undead                 Necromancy                   4
Comestibles
 c - a bread ration
 f - 2 meat rations
 o - a royal jelly
 q - a beef jerky


   Skills:
 - Level 1.7 Dodging
 - Level 1.7 Stealth
 + Level 3.0 Unarmed Combat
 - Level 1.7 Spellcasting
 + Level 3.9 Necromancy


You had one spell level left.
You knew the following spells:

 Your Spells              Type           Power        Failure   Level  Hunger
a - Pain                  Necr           ###.         6%          1    #......
b - Regeneration          Chrm/Necr      #.........   34%         3    ###....


Dungeon Overview and Level Annotations

Branches:
Dungeon (6/15)
 Temple: D:4-7

Annotations:
D:3 timbw's ghost, weakling SpGl


Innate Abilities, Weirdness & Mutations

Your attributes are resistant to harm.


Message History

You barely miss the wasp zombie. The wasp zombie hits you.
* * * LOW HITPOINT WARNING * * *
You hit the wasp zombie. The wasp zombie misses you.
The wasp zombie hits you but does no damage.
You hit the wasp zombie but do no damage.
The wasp zombie hits you!
* * * LOW HITPOINT WARNING * * *
You hit the wasp zombie but do no damage.
The wasp zombie misses you.
You barely miss the wasp zombie.
Your skin stops crawling.
The wasp zombie closely misses you.
You hit the wasp zombie but do no damage.
The wasp zombie hits you but does no damage.
You hit the wasp zombie. The wasp zombie closely misses you.
The wasp zombie misses you.
You barely miss the wasp zombie. The wasp zombie closely misses you.
You hit the wasp zombie. The wasp zombie closely misses you.
You hit the wasp zombie. The wasp zombie hits you!
You die...

## #.##.## #.#
#.....#
#.#####..####
#.##..<....#
#.#.##.##.##
#..# .....# ##.#
###..# .
#.#####..##.....
#......@Z.......
#############...


You could see a wasp zombie.

Vanquished Creatures
  A worker ant (D:4)
  A gnoll (D:4)
  An adder (D:2)
  An orc (D:3)
  3 bats
  3 hobgoblins
  4 kobolds
  A quokka (D:3)
  2 giant cockroaches (D:1)
  A giant gecko (D:2)
  2 giant newts
  3 goblins
  3 rats
26 creatures vanquished.

Notes
Turn   | Place    | Note
--------------------------------------------------------------
     0 | D:1      | timbw, the Demigod Necromancer, began the quest for the Orb.
     0 | D:1      | Reached XP level 1. HP: 14/14 MP: 3/3
    72 | D:1      | Reached skill level 1 in Unarmed Combat
   357 | D:2      | Found a snail-covered altar of Cheibriados.
   357 | D:2      | Found a deep blue altar of Sif Muna.
   392 | D:2      | Reached XP level 2. HP: 17/20 MP: 1/4
   780 | D:3      | Noticed timbw's ghost (weakling SpGl)
   883 | D:4      | Reached XP level 3. HP: 22/26 MP: 1/7
   939 | D:4      | Learned a level 3 spell: Regeneration
   966 | D:4      | Noticed an ogre
  1176 | D:5      | Entered Level 5 of the Dungeon
  1217 | D:6      | Mangled by a wasp zombie

Action                   || total
-------------------------++-------
Melee: Unarmed           ||    23
 Cast: Pain              ||    44
       Regeneration      ||     3
  Use: Scroll            ||     2
       Potion            ||     2
  Eat: Chunk             ||     2
